 Dungeon Crawl Stone Soup version 0.20-a0-548-g4f8a798 (webtiles) character file.

30 volk64 the Caller (level 3, -2/19 HPs)
             Began as a Kobold Summoner on Feb 1, 2017.
             Was an Initiate of Yredelemnul.
             Slain by Sigmund
             ... wielding a +0 scythe
              (12 damage)
             ... on level 2 of the Dungeon.
             The game lasted 00:11:48 (1556 turns).

volk64 the Caller (Kobold Summoner)                 Turns: 1556, Time: 00:11:48

Health: -2/19      AC:  3    Str:  3 (5)  XL:     3   Next: 37%
Magic:  4/7        EV: 15    Int: 17      God:    Yredelemnul [......]
Gold:   80         SH:  0    Dex: 13 (15) Spells: 1/7 levels left

rFire    . . .     SeeInvis +   i - +2 whip (venom)
rCold    . . .     Gourm    .   a - +0 robe
rNeg     . . .     Faith    .   (shield restricted)
rPois    .         Spirit   .   k - +1 hat
rElec    .         Reflect  .   (no cloak)
rCorr    .         Harm     .   (no gloves)
MR       .....                  (no boots)
Stlth    ++........             (no amulet)
Regen    0.1/turn               (no ring)
                                d - ring of see invisible

@: no status effects
A: carnivore 3
a: Renounce Religion


You were on level 2 of the Dungeon.
You worshipped Yredelemnul.
Yredelemnul was noncommittal.
You were not hungry.

You visited 1 branch of the dungeon, and saw 2 of its levels.

You collected 80 gold pieces.

Inventory:

Hand Weapons
 g - a +0 club
 i - a +2 whip of venom (weapon)
Armour
 a - a +0 robe (worn)
 k - a +1 hat (worn)
Jewellery
 d - a ring of see invisible (left hand)
Scrolls
 f - 2 scrolls of enchant armour
 j - a scroll of random uselessness {unknown}
Potions
 e - a potion of might {unknown}
 h - a potion of lignification {unknown}
Books
 b - a book of Callings

   Spells                             Type                      Level
   a - Summon Small Mammal            Summoning                    1
   b - Call Imp                       Summoning                    2
   c - Call Canine Familiar           Summoning                    3
   d - Summon Guardian Golem          Hexes/Summoning              3
   e - Summon Lightning Spire         Summoning/Air                4
   f - Summon Ice Beast               Ice/Summoning                4
Comestibles
 c - 2 meat rations


   Skills:
 + Level 2.6 Dodging
 + Level 2.9 Stealth
 + Level 0.2 Unarmed Combat
 + Level 2.9 Spellcasting
 + Level 4.4 Summonings


You had one spell level left.
You knew the following spells:

 Your Spells              Type           Power        Failure   Level  Hunger
a - Summon Small Mammal   Summ           ###.         2%          1    #......
b - Summon Guardian Gole  Hex/Summ       #.......     24%         3    ###....
c - Call Imp              Summ           ###.....     4%          2    ##.....


Dungeon Overview and Level Annotations

Branches:
Dungeon (2/15)

Altars:
Yredelemnul

Annotations:
D:2 Sigmund


Innate Abilities, Weirdness & Mutations

You are small and have problems with some larger weapons.
You are carnivorous and can eat meat at any time.


Message History

You barely miss Sigmund.
Sigmund is heavily wounded.
Your bat misses the bat. The bat misses your bat.
Your bat closely misses the bat. x2; Sigmund closely misses you.
Your shadow imp hits Sigmund but does no damage.
You hit Sigmund but do no damage.
Sigmund is heavily wounded.
Your bat hits the bat but does no damage.
Your bat barely misses the bat.
The bat misses your bat.
Your shadow imp hits Sigmund.
You closely miss Sigmund.
Sigmund is severely wounded.
The bat hits your bat.
Your bat closely misses the bat.
Your bat barely misses the bat.
Sigmund gestures at you while chanting. You resist with significant effort.
Your shadow imp misses Sigmund.
Sigmund hits you with a scythe!
Ouch! That really hurt!
You die...
Your body rises from the dead as a mindless zombie.

#..
................#...
###.###.####......
##...........#...
..................
...#..............
..................
.........P.P......
.##......._.?.....
......5@P.P..##..
##.....@....#....
..............#..
#.....b(b..#### .
............#
.#......b...#
#[..$.......
#.....)....#.


You could see Sigmund (invisible), a bat, a friendly shadow imp and 2 friendly
bats.

Vanquished Creatures
  An adder (D:1)
  A dart slug (D:2)
  A leopard gecko (D:1)
  3 hobgoblins
  A quokka (D:2)
  2 ball pythons (D:1)
  5 bats
  A kobold (D:1)
15 creatures vanquished.

Vanquished Creatures (collateral kills)
  A hobgoblin (D:2)
  5 kobolds (D:1)
  A bat (D:1)
  3 rats
10 creatures vanquished.

Grand Total: 25 creatures vanquished

Notes
Turn   | Place    | Note
-------+----------+-------------------------------------------
     0 | D:1      | volk64 the Kobold Summoner began the quest for the Orb.
     0 | D:1      | Reached XP level 1. HP: 10/10 MP: 3/3
   612 | D:1      | Reached XP level 2. HP: 15/15 MP: 0/5
  1090 | D:1      | Reached XP level 3. HP: 19/19 MP: 0/7
  1096 | D:1      | Learned a level 3 spell: Summon Guardian Golem
  1208 | D:1      | Learned a level 2 spell: Call Imp
  1521 | D:2      | Found a basalt altar of Yredelemnul.
  1543 | D:2      | Noticed Sigmund
  1544 | D:2      | Became a worshipper of Yredelemnul the Dark
  1556 | D:2      | Slain by Sigmund

Vault maps used:
D:1:      nagdon_arrival_zigzag_paths
D:2:      minmay_wonky_spiral, yredelemnul_altar_generic,
          nicolae_gozag_seed_capital, uniq_sigmund

Action                   || total
-------------------------++-------
Melee: Unarmed           ||    11
       Club              ||     9
       Whip              ||    36
 Cast: Summon Small Mamm ||    28
       Call Imp          ||     4
       Summon Guardian G ||     2
  Use: Scroll            ||     2
       Potion            ||     1
 Stab: Sleeping          ||     1
  Eat: Chunk             ||     5
Armor: Robe              ||    13
Dodge: Dodged            ||    59
